 Dungeon Crawl Stone Soup version 0.20.1-1-g8b1a95d (webtiles) character file.

65 slep the Skirmisher (level 3, -3/30 HPs)
             Began as a Demonspawn Chaos Knight on Oct 23, 2017.
             Slain by an orc priest (4 damage)
             ... on level 2 of the Dungeon.
             The game lasted 00:08:00 (1154 turns).

slep the Skirmisher (Demonspawn Chaos Knight)       Turns: 1154, Time: 00:08:00

Health: -3/30      AC:  7    Str: 12    XL:     3   Next: 92%
Magic:  3/3        EV:  6    Int: 13    God:    Xom [......]
Gold:   60         SH: 10    Dex: 13    Spells: 2/2 levels left

rFire    . . .     SeeInvis .   a - +0 spear (chaos)
rCold    . . .     Gourm    .   e - +0 large shield
rNeg     . . .     Faith    .   b - +2 leather armour
rPois    .         Spirit   .   (no helmet)
rElec    .         Reflect  .   (no cloak)
rCorr    .         Harm     .   (no gloves)
MR       .....                  (no boots)
Stlth    +.........             (no amulet)
Regen    0.1/turn               (no ring)
MPRegen  0.1/turn               (no ring)

@: no status effects
A: slimy green scales 1, powered by death 1
a: Renounce Religion


You were on level 2 of the Dungeon.
You worshipped Xom.
You were a very special plaything of Xom.
You were not hungry.

You visited 1 branch of the dungeon, and saw 2 of its levels.

You collected 60 gold pieces.

Inventory:

Hand Weapons
 a - a +0 spear of chaos (weapon)
Armour
 b - a +2 leather armour (worn)
 e - a +0 large shield (worn)
Scrolls
 d - a scroll of magic mapping {unknown}
 h - a scroll of teleportation {unknown}
 j - 3 scrolls of identify {unknown}
 l - 2 scrolls of enchant weapon {unknown}
 n - a scroll of fog {unknown}
Potions
 i - a potion of mutation {unknown}
 k - a potion of haste {unknown}
 p - a potion of curing
 q - a potion of flight {unknown}
 r - a potion of ambrosia {unknown}
Miscellaneous
 m - a lightning rod (4/4)
Comestibles
 c - a bread ration
 f - a royal jelly
 g - a meat ration
 o - a chunk of flesh


   Skills:
 + Level 3.9 Fighting
 + Level 3.3 Polearms
 + Level 2.2 Armour
 + Level 1.0 Dodging
 + Level 0.1 Shields


You had 2 spell levels left.
You didn't know any spells.

Dungeon Overview and Level Annotations

Branches:
Dungeon (2/15)

Altars:
Qazlal


Innate Abilities, Weirdness & Mutations

You are partially covered in slimy green scales. (AC +2)
You regenerate a little health from kills.


Message History

The orc priest hits you but does no damage.
You hit the orc priest but do no damage.
The orc priest flickers and vanishes!
Deactivating autopickup; reactivate with Ctrl-A.
You hit something but do no damage. Something hits you.
The orc shouts!
You hit something but do no damage.
Nothing appears to happen.
You hear something call down the wrath of Beogh upon you.
Beogh smites you!
* * * LOW HITPOINT WARNING * * *
You closely miss something. Something hits you.
* * * LOW HITPOINT WARNING * * *
You hit the orc.
The orc is moving more slowly.
The orc is heavily wounded.
You block the orc's attack.
You hear something mumble some strange prayers to Beogh against the orc.
The orc's wounds heal themselves!
You hit the orc but do no damage. The orc hits you but does no damage.
Something hits you.
You die...

#### ##### .....
.)..#####.###.##
###.............##
# #######...[....#
# #.........o{###
######.#
......#@..######.#
.......#
#.o.#.#.#.........
....##.#
...o..#...########
###.##.#
......#.### #
#....# ......#.# #
####.# #...#.#.# #
#.# ......#.#
######.# ....##.#
.......## .⌠.###.#


You could see an orc (petrifying).

Vanquished Creatures
  An orc wizard (D:2)
  An adder (D:2)
  A worm (D:2)
  A dart slug (D:2)
  A leopard gecko (D:1)
  2 orcs (D:2)
  A giant cockroach (D:2)
  3 goblins (D:1)
  3 hobgoblins
  A kobold (D:1)
  3 bats
  A frilled lizard (D:1)
  A rat (D:2)
20 creatures vanquished.

Notes
Turn   | Place    | Note
-------+----------+-------------------------------------------
     0 | D:1      | slep the Demonspawn Chaos Knight began the quest for the Orb.
     0 | D:1      | Reached XP level 1. HP: 18/18 MP: 1/1
    98 | D:1      | XOM: harmless Ice miscast
   238 | D:1      | XOM: potion effect (might)
   240 | D:1      | Gained mutation: You are partially covered in slimy green scales. (AC +2) [demonic ancestry]
   240 | D:1      | Reached XP level 2. HP: 17/24 MP: 2/2
   331 | D:1      | XOM: cloud trail
   377 | D:1      | XOM: silly message
   386 | D:1      | XOM: divination: detect items
   417 | D:1      | XOM: god gift: lightning rod (4/4)
   863 | D:2      | XOM: confuse monster(s)
   896 | D:2      | XOM: torment (13/24 hp)
   900 | D:2      | Gained mutation: You regenerate a little health from kills. [demonic ancestry]
   900 | D:2      | Reached XP level 3. HP: 10/29 MP: 3/3
   945 | D:2      | Found a stormy altar of Qazlal.
  1024 | D:2      | XOM: harmless Air miscast
  1085 | D:2      | Reached skill level 1 in Dodging
  1152 | D:2      | HP: 1/30 [something (1)]
  1154 | D:2      | Slain by an orc priest

Skill      XL: |  1  2  3 |
---------------+----------+-----
Armour         | 2 |  2.2
Polearms       | 3 |  3.3
Dodging        | 1 |  1.0
Fighting       | |  3.9
Shields        | |  0.1

Action                   || total
-------------------------++-------
Melee: Spear             ||    84
  Use: Potion            ||     1
 Stab: Confused          ||     1
  Eat: Chunk             ||     1
Armor: Leather armour    ||    25
Dodge: Dodged            ||    20
Block: Large shield      ||    20
